 Dungeon Crawl Stone Soup version 0.24-a0-335-g06ca16a (webtiles) character file.

Game seed: 5757232386899767912

697 MisterFreud the Changer (level 7, -1/52 HPs)
             Began as a Pale Draconian Transmuter on May 18, 2019.
             Was an Initiate of Ru.
             Succumbed to a scorpion's poison
             ... on level 4 of the Dungeon.
             The game lasted 00:11:02 (5330 turns).

MisterFreud the Changer (Pale Draconian Transmuter) Turns: 5330, Time: 00:11:03

Health: -1/52      AC:  8    Str: 12    XL:     7   Next: 38%
Magic:  13/13      EV: 12    Int: 21    God:    Ru [......]
Gold:   187        SH:  0    Dex: 11    Spells: 8/14 levels left

rFire    . . .     SeeInvis .     - Unarmed
rCold    . . .     Gourm    .   (no shield)
rNeg     . . .     Faith    .   (armour unavailable)
rPois    .         Spirit   .   (helmet restricted)
rElec    .         Reflect  .   (no cloak)
rCorr    .         Harm     .   (no gloves)
MR       +....                  (boots currently unavailable)
Stlth    ..........             (no amulet)
HPRegen  0.17/turn              k - ring of protection from magic
MPRegen  0.13/turn              m - +2 ring of protection

@: brilliant, lethally poisoned (-1 -> -19), appendage, lightly drained
A: breathe steam, unfitting armour, talons 3, cold-blooded, no stealth, AC +6
a: Breathe Steam, End Transformation, Renounce Religion


You were on level 4 of the Dungeon.
You worshipped Ru.
Ru was noncommittal.
You were not hungry.
You had grown temporary talons.
You visited 1 branch of the dungeon, and saw 5 of its levels.

You collected 187 gold pieces.

Inventory:

Missiles
 a - 108 arrows
 b - 6 silver boomerangs (quivered)
 e - 6 boomerangs
 h - 117 stones
Armour
 l - a +0 buckler
Jewellery
 g - a +1 ring of evasion
 k - a ring of protection from magic (left hand)
 m - a +2 ring of protection (right hand)
Scrolls
 i - 2 scrolls of remove curse
 j - a scroll of magic mapping
Comestibles
 c - 8 rations
 d - 2 chunks of flesh


   Skills:
 - Level 1.1(1.0) Fighting
 - Level 1.7(1.6) Dodging
 + Level 5.1 Unarmed Combat
 - Level 4.0(3.9) Spellcasting
 - Level 6.0(5.9) Transmutations


You had 8 spell levels left.
You knew the following spells:

 Your Spells              Type           Power        Failure   Level  Hunger
a - Beastly Appendage     Tmut           #####.       1%          1    None
b - Sticks to Snakes      Tmut           #####...     1%          2    #......
c - Spider Form           Tmut/Pois      ####......   1%          3    ###....

Your spell library contained the following spells:

 Spells                   Type           Power        Failure   Level  Hunger
 Blade Hands              Tmut           #####.....   3%          5    ######.
 Ice Form                 Ice/Tmut       ####....     4%          4    ####...


Dungeon Overview and Level Annotations

Branches:
Dungeon (5/15)
 Temple: D:4-7

Altars:
Gozag
Kikubaaqudgha
Okawaru
Ru
Zin

Shops:
D:4 [


Innate Abilities, Weirdness & Mutations

You can breathe blasts of scalding, opaque steam.
Your pale cyan-grey scales are hard. (AC +6)
You cannot fit into any form of body armour.
You are cold-blooded and may be slowed by cold attacks.
You cannot be stealthy.
You have claws for feet.


Message History

* * * LOW HITPOINT WARNING * * *
You feel sick. The scorpion stings you.
* * * LOW HITPOINT WARNING * * *
As you read the scroll of fear, it crumbles to dust.
You assume a fearsome visage.
The scorpion looks frightened!
* * * LOW HITPOINT WARNING * * *
You feel very sick.
* * * LOW HITPOINT WARNING * * *
You feel sick.
* * * LOW HITPOINT WARNING * * *
You feel sick.
* * * LOW HITPOINT WARNING * * *
You feel sick.
* * * LOW HITPOINT WARNING * * *
You feel sick.
There is a stone staircase leading up, spattered with blood here.
* * * LOW HITPOINT WARNING * * *
You feel sick.
You climb upwards.
You die...

#.##
#.#
##.#
#.##
#.# #
##.# ##
####.##
#.
#..#.#
#.
#@.#.#
##
#....#
#
#.#.##
# ###.#
# #..#
#.##
###.#
#...#
##..##
#####


There were no monsters in sight!

Vanquished Creatures
  2 ogres (D:5)
  A scorpion (D:4)
  A crimson imp (D:5)
  A gnoll shaman (D:4)
  A bullfrog skeleton (D:3)
  5 orc wizards
  An iguana (D:4)
  A worker ant (D:4)
  2 adders (D:4)
  8 gnolls
  2 worms
  A dart slug (D:3)
  2 leopard geckos (D:4)
  13 orcs
  2 ball pythons
  A giant cockroach (D:3)
  10 goblins
  5 hobgoblins
  12 jackals
  7 kobolds
  9 bats
  2 frilled lizards
  A leopard gecko skeleton (D:4)
  10 rats
100 creatures vanquished.

Vanquished Creatures (collateral kills)
  An adder (D:3)
1 creature vanquished.

Grand Total: 101 creatures vanquished

Notes
Turn   | Place    | Note
-------+----------+-------------------------------------------
     0 | D:1      | MisterFreud the Draconian Transmuter began the quest for
                  | the Orb.
     0 | D:1      | Reached XP level 1. HP: 16/16 MP: 3/3
   141 | D:1      | Reached XP level 2. HP: 23/23 MP: 5/5
   533 | D:1      | Reached skill level 3 in Transmutations
   992 | D:2      | Reached XP level 3. HP: 23/28 MP: 6/6
  1027 | D:2      | Found a sacrificial altar of Ru.
  1027 | D:2      | Found a glowing silver altar of Zin.
  1136 | D:2      | Found an opulent altar of Gozag.
  1288 | D:3      | Learned a level 2 spell: Sticks to Snakes
  1292 | D:3      | Learned a level 3 spell: Spider Form
  1323 | D:2      | Found an ancient bone altar of Kikubaaqudgha.
  1343 | D:2      | Became a worshipper of Ru the Awakened
  1382 | D:3      | Reached XP level 4. HP: 10/35 MP: 6/8
  1821 | D:3      | Reached skill level 4 in Transmutations
  2406 | D:3      | Reached XP level 5. HP: 40/40 MP: 9/9
  2991 | D:4      | Gained mutation: You cannot be stealthy. [Ru sacrifice]
  3049 | D:4      | Reached skill level 5 in Transmutations
  3262 | D:4      | HP: 2/40 [poisoned by a scorpion]
  3269 | D:4      | Reached XP level 6. HP: 9/47 MP: 11/11
  3909 | D:4      | Found Zuwogih's Armour Emporium.
  4121 | D:4      | Found an iron altar of Okawaru.
  4338 | D:4      | Reached skill level 6 in Transmutations
  4662 | D:5      | Entered Level 5 of the Dungeon
  4749 | D:5      | Your scales start taking on a pale cyan-grey colour.
  4749 | D:5      | Reached XP level 7. HP: 45/52 MP: 8/13
  5220 | D:5      | Reached skill level 5 in Unarmed Combat
  5328 | D:5      | HP: 2/52 [poisoned by a scorpion]
  5330 | D:4      | Succumbed to a scorpion's poison

Levels and vault maps discovered:
D:1:      nicolae_arrival_somewhat_less_tricky_arrival, layout_rooms,
          grunt_decor_mini_mirrors, hex_intersection
D:2:      layout_loops_ring, nicolae_overflow_hidden_temple,
          nicolae_gozag_seed_capital, uniq_sigmund
D:3:      layout_loops_ring, grunt_ministairs_8
D:4:      layout_cave_pods, lemuel_coloured_pillars_altar, serial_shops, shop
D:5:      layout_cave_pods, first_ration, minmay_fire_ice_demons

Skill      XL: |  1  2  3  4  5  6  7 |
---------------+----------------------+-----
Transmutations | 3 4 5 6 |  6.0
Spellcasting   | 3 4 |  4.0
Unarmed Combat | 4 5 |  5.1
Fighting       | |  1.1
Dodging        | |  1.7

Action                   |  1- 3 |  4- 6 |  7- 9 || total
-------------------------+-------+-------+-------++-------
Melee: Unarmed           |   145 |   184 |    46 ||   375
       Kick              |     6 |     3 |       ||     9
       Tailslap          |     9 |     6 |     1 ||    16
       Headbutt          |     3 |       |       ||     3
 Cast: Beastly Appendage |     7 |     4 |     2 ||    13
       Sticks to Snakes  |       |     2 |       ||     2
       Spider Form       |       |    15 |     4 ||    19
Invok: Sacrifice Stealth |       |     1 |       ||     1
 Abil: End Transformatio |       |     1 |       ||     1
  Use: Scroll            |       |     6 |     1 ||     7
       Potion            |       |     5 |     1 ||     6
 Stab: Sleeping          |     1 |     1 |       ||     2
       Distracted        |       |     1 |       ||     1
  Eat: Chunk             |     2 |    12 |     3 ||    17
Armor: Skin              |    39 |    33 |     8 ||    80
Dodge: Dodged            |   100 |   126 |    46 ||   272

Table legend:
 A = Non-vault XP
 B = Vault XP
 C = Vault XP percentage of total XP
 D = Non-vault monster count
 E = Vault monster count
 F = Vault count percentage of total count
                 A         B        C        D         E       F
            +---------+---------+-------+---------+---------+-------
      Total |     995 |       2 |   0.2 |      99 |       2 |   2.0
            +---------+---------+-------+---------+---------+-------
        D:1 |      34 |       0 |   0.0 |      21 |       0 |   0.0
        D:2 |      20 |       0 |   0.0 |      11 |       0 |   0.0
        D:3 |     155 |       2 |   1.3 |      32 |       2 |   5.9
        D:4 |     408 |       0 |   0.0 |      22 |       0 |   0.0
        D:5 |     378 |       0 |   0.0 |      13 |       0 |   0.0
            +---------+---------+-------+---------+---------+-------
